[Event "27th OIBM 2024"]
[Site "Gmund am Tegernsee"]
[Date "2024.10.28"]
[Round "3.46"]
[White "Aumueller, Naum"]
[Black "Weber, Ulrich"]
[Result "1/2-1/2"]
[ECO "B51"]
[WhiteElo "2139"]
[BlackElo "2334"]
[Annotator "RC"]
[PlyCount "60"]
[EventDate "2024.09.16"]
[EventType "swiss"]
[EventCountry "GER"]
[SourceTitle "playchess.com"]
[Source "ChessBase"]
[SourceQuality "1"]
[TimeControl "40/5400+30:1800+30"]

1. e4 c5 2. Nf3 d6 3. Bb5+ Nd7 4. a4 Ngf6 5. Nc3 a6 6. Be2 b6 7. d4 cxd4 8. Qxd4 e6 9. O-O Bb7 10. Nd2 Qc7 11. Rd1 d5 12. exd5 Bc5 13. Qh4 Nxd5 14. Nxd5 Bxd5 15. c4 Bc6 16. Ne4 Be7 17. Bg5 Bxg5 18. Nxg5 Nf6 19. Bf3 O-O 20. Ne4 Bxe4 21. Bxe4 Rad8 22. b4 h6 23. Bf3 a5 24. Rdb1 e5 25. bxa5 bxa5 26. Rb5 Rd4 27. Qg3 Rxc4 28. Rxe5 Rxa4 29. Rxa4 Qc3 30. Ra1 Re8 1/2-1/2

[Event "27th OIBM 2024"]
[Site "Gmund am Tegernsee"]
[Date "2024.10.28"]
[Round "3.47"]
[White "Zude, Arno"]
[Black "Fuhrmann, Bahne"]
[Result "1/2-1/2"]
[ECO "C54"]
[WhiteElo "2332"]
[BlackElo "2132"]
[Annotator "RC"]
[PlyCount "70"]
[EventDate "2024.09.16"]
[EventType "swiss"]
[EventCountry "GER"]
[SourceTitle "playchess.com"]
[Source "ChessBase"]
[SourceQuality "1"]
[TimeControl "40/5400+30:1800+30"]

1. e4 e5 2. Nf3 Nc6 3. Bc4 Nf6 4. d3 Bc5 5. c3 d6 6. O-O a5 7. Re1 O-O 8. h3 h6 9. d4 Ba7 10. Bb3 Re8 11. Bc2 d5 12. exd5 Qxd5 13. Bb3 Qd6 14. Na3 exd4 15. Nb5 Rxe1+ 16. Qxe1 Qd8 17. Bf4 Bb6 18. cxd4 a4 19. Bc4 Na5 20. Bf1 Be6 21. Nc3 Nd5 22. Bg3 Nc6 23. a3 Nxd4 24. Nxd4 Bxd4 25. Rd1 Bf6 26. Nxd5 Bxd5 27. Bxc7 Qxc7 28. Rxd5 Bxb2 29. Qb4 Bc3 30. Qb5 Qc6 31. Rd7 Qxb5 32. Bxb5 b6 33. Bc4 Rf8 34. Ra7 Bd4 35. Rxa4 Bc5 1/2-1/2

[Event "27th OIBM 2024"]
[Site "Gmund am Tegernsee"]
[Date "2024.10.28"]
[Round "3.48"]
[White "Ehrke, Michael"]
[Black "Ernst, Robert"]
[Result "0-1"]
[ECO "D00"]
[WhiteElo "2123"]
[BlackElo "2319"]
[Annotator "RC"]
[PlyCount "60"]
[EventDate "2024.09.16"]
[EventType "swiss"]
[EventCountry "GER"]
[SourceTitle "playchess.com"]
[Source "ChessBase"]
[SourceQuality "1"]
[TimeControl "40/5400+30:1800+30"]

1. d4 d5 2. Bf4 Nf6 3. e3 c5 4. c3 Qb6 5. Qb3 c4 6. Qc2 g6 7. h3 Bf5 8. Qc1 Bg7 9. Nd2 Nc6 10. b3 cxb3 11. axb3 O-O 12. Ngf3 Rfc8 13. Qb2 Ne4 14. g4 Bd7 15. Nxe4 dxe4 16. Ne5 Nxe5 17. Bxe5 Bxe5 18. dxe5 Qc5 19. Rd1 Be6 20. Bg2 Qxc3+ 21. Qxc3 Rxc3 22. O-O Rxb3 23. Bxe4 a5 24. Rb1 Ra7 25. f4 a4 26. f5 Rxb1 27. Rxb1 Bb3 28. f6 exf6 29. exf6 a3 30. Rxb3 a2 0-1

[Event "27th OIBM 2024"]
[Site "Gmund am Tegernsee"]
[Date "2024.10.29"]
[Round "4.1"]
[White "Kollars, Dmitrij"]
[Black "Quparadze, Giga"]
[Result "1-0"]
[ECO "B42"]
[WhiteElo "2647"]
[BlackElo "2522"]
[Annotator "RC"]
[PlyCount "133"]
[EventDate "2024.09.16"]
[EventType "swiss"]
[EventCountry "GER"]
[SourceTitle "playchess.com"]
[Source "ChessBase"]
[SourceQuality "1"]
[TimeControl "40/5400+30:1800+30"]

1. e4 c5 2. Nf3 e6 3. d4 cxd4 4. Nxd4 a6 5. Bd3 Nc6 6. Nxc6 dxc6 7. Bf4 Qf6 8. Be3 e5 9. Nd2 Be6 10. O-O Bd6 11. Nc4 Bc7 12. Qd2 Bxc4 13. Bxc4 Qe7 14. f3 Nf6 15. a4 Nd7 16. a5 Bd6 17. Kh1 Bc5 18. Bg5 Nf6 19. c3 h6 20. Bh4 Rd8 21. Qe2 g5 22. Be1 Kf8 23. b4 Ba7 24. Bd2 Kg7 25. Rae1 Nh5 26. g3 Qd7 27. Bc1 Qh3 28. Qg2 Qxg2+ 29. Kxg2 Rd7 30. h4 Kg6 31. hxg5 hxg5 32. Rd1 Rhd8 33. Be2 Rxd1 34. Rxd1 Rxd1 35. Bxd1 Nf6 36. Bc2 Nh5 37. Bd2 Nf6 38. Bd3 Nh5 39. Bf1 Nf6 40. Kh2 g4 41. Kg2 Kg7 42. Bd3 gxf3+ 43. Kxf3 Ne8 44. Bf1 Nd6 45. c4 Bd4 46. c5 Nc8 47. Bh3 Ne7 48. Bg5 Kf8 49. Bd2 Kg7 50. Ke2 Kg6 51. Bd7 Kf6 52. Kd3 Bf2 53. Bh6 Bxg3 54. Bf8 Be1 55. Kc4 Bh4 56. Kb3 Bg3 57. Bxe7+ Kxe7 58. Bc8 f5 59. exf5 Kf6 60. Bxb7 e4 61. Bxc6 e3 62. Bf3 Kxf5 63. Be2 Ke4 64. Bxa6 Kd4 65. Be2 Bb8 66. a6 Kd5 67. Bf3+ 1-0

[Event "27th OIBM 2024"]
[Site "Gmund am Tegernsee"]
[Date "2024.10.29"]
[Round "4.2"]
[White "Costa, Leonardo"]
[Black "Safarli, Eltaj"]
[Result "0-1"]
[ECO "C61"]
[WhiteElo "2472"]
[BlackElo "2596"]
[Annotator "RC"]
[PlyCount "94"]
[EventDate "2024.09.16"]
[EventType "swiss"]
[EventCountry "GER"]
[SourceTitle "playchess.com"]
[Source "ChessBase"]
[SourceQuality "1"]
[TimeControl "40/5400+30:1800+30"]

1. e4 e5 2. Nf3 Nc6 3. Bb5 Nd4 4. Nxd4 exd4 5. O-O Ne7 6. d3 g6 7. c3 c6 8. Bc4 Bg7 9. cxd4 d5 10. Bb3 Bxd4 11. Nc3 O-O 12. Bg5 Be6 13. Qf3 Qd7 14. Rae1 dxe4 15. Qxe4 Rfe8 16. Bxe6 fxe6 17. Qxe6+ Qxe6 18. Rxe6 Nd5 19. Rxe8+ Rxe8 20. Ne4 Nb4 21. Nf6+ Bxf6 22. Bxf6 Nxa2 23. Rd1 Re2 24. g3 a6 25. Kg2 Rc2 26. Kf3 Nb4 27. Bc3 Nd5 28. Rd2 Rc1 29. Bd4 a5 30. Ke2 c5 31. Be5 Kf7 32. Rd1 Rxd1 33. Kxd1 Ke6 34. Bb8 Nb4 35. Kd2 a4 36. g4 Nc6 37. Bg3 b5 38. f4 Nd4 39. h3 Kd5 40. Bf2 b4 41. Bxd4 Kxd4 42. Kc2 h5 43. Kc1 h4 44. Kb1 c4 45. f5 gxf5 46. gxf5 cxd3 47. f6 b3 0-1

[Event "27th OIBM 2024"]
[Site "Gmund am Tegernsee"]
[Date "2024.10.29"]
[Round "4.3"]
[White "Karthik Venkataraman"]
[Black "Deuer, Marius"]
[Result "0-1"]
[ECO "B12"]
[WhiteElo "2581"]
[BlackElo "2477"]
[Annotator "RC"]
[PlyCount "118"]
[EventDate "2024.09.16"]
[EventType "swiss"]
[EventCountry "GER"]
[SourceTitle "playchess.com"]
[Source "ChessBase"]
[SourceQuality "1"]
[TimeControl "40/5400+30:1800+30"]

1. e4 c6 2. d4 d5 3. e5 Bf5 4. h4 h5 5. c4 e6 6. Nc3 Ne7 7. Nge2 Nd7 8. Ng3 Bg6 9. Bg5 Qb6 10. Rc1 Qxb2 11. Bd3 dxc4 12. Bxg6 Nxg6 13. O-O Qa3 14. Re1 Nb6 15. Re3 Qa5 16. Rb1 Be7 17. Bxe7 Nxe7 18. Nce4 O-O-O 19. Nd6+ Rxd6 20. exd6 Ned5 21. Rf3 Nf6 22. Qc1 Qd5 23. Qg5 Rg8 24. Ne2 Nbd7 25. Qf4 g5 26. hxg5 Qxg5 27. Rg3 Qxf4 28. Rxg8+ Nxg8 29. Nxf4 Ngf6 30. f3 b5 31. Kf2 Nb6 32. Rh1 Kd7 33. Nxh5 Nxh5 34. Rxh5 Kxd6 35. Rh7 b4 36. Ke2 Nd5 37. Rxf7 Nc3+ 38. Kd2 Nxa2 39. Kc2 a5 40. Ra7 b3+ 41. Kb2 c5 42. dxc5+ Kxc5 43. Rxa5+ Kb4 44. Rxa2 bxa2 45. g4 a1=Q+ 46. Kxa1 Kc3 47. g5 Kd2 48. g6 c3 49. g7 c2 50. g8=Q c1=Q+ 51. Ka2 Qc4+ 52. Kb2 Qb4+ 53. Ka2 Kc3 54. Qg7+ Qd4 55. Qb7 Qa4+ 56. Kb1 Qb3+ 57. Qxb3+ Kxb3 58. f4 Kc3 59. Kc1 Kd3 0-1

[Event "27th OIBM 2024"]
[Site "Gmund am Tegernsee"]
[Date "2024.10.29"]
[Round "4.4"]
[White "Ongut, Tamas Gunes"]
[Black "Piorun, Kacper"]
[Result "1/2-1/2"]
[ECO "B12"]
[WhiteElo "2224"]
[BlackElo "2581"]
[Annotator "RC"]
[PlyCount "58"]
[EventDate "2024.09.16"]
[EventType "swiss"]
[EventCountry "GER"]
[SourceTitle "playchess.com"]
[Source "ChessBase"]
[SourceQuality "1"]
[TimeControl "40/5400+30:1800+30"]

1. e4 c6 2. d4 d5 3. e5 Bf5 4. h4 a6 5. h5 Qc7 6. Nc3 Bc8 7. Bd3 e6 8. Nce2 c5 9. c3 Nc6 10. Nf3 f6 11. Bf4 cxd4 12. cxd4 Bb4+ 13. Kf1 Qf7 14. Rh3 f5 15. Rc1 h6 16. Bd2 Bxd2 17. Qxd2 Nge7 18. Nf4 Bd7 19. Kg1 Rc8 20. Bb1 Na7 21. Rxc8+ Bxc8 22. Nh4 Nac6 23. Nhg6 Nxg6 24. Nxg6 Rg8 25. Qc3 Qc7 26. Qc5 Qa5 27. Qd6 Qd8 28. Qc5 Qa5 29. Qd6 Qd8 1/2-1/2

[Event "27th OIBM 2024"]
[Site "Gmund am Tegernsee"]
[Date "2024.10.29"]
[Round "4.5"]
[White "Jumabayev, Rinat"]
[Black "Colpe, Malte"]
[Result "1-0"]
[ECO "D35"]
[WhiteElo "2577"]
[BlackElo "2371"]
[Annotator "RC"]
[PlyCount "67"]
[EventDate "2024.09.16"]
[EventType "swiss"]
[EventCountry "GER"]
[SourceTitle "playchess.com"]
[Source "ChessBase"]
[SourceQuality "1"]
[TimeControl "40/5400+30:1800+30"]

1. c4 e6 2. Nc3 d5 3. d4 Nf6 4. cxd5 exd5 5. Bg5 Be7 6. e3 h6 7. Bh4 O-O 8. Bd3 c6 9. Nge2 Re8 10. O-O Nbd7 11. f3 b5 12. Bf2 Bb7 13. Ng3 Nb6 14. Rc1 Bf8 15. e4 b4 16. Nb1 Nfd7 17. Nd2 dxe4 18. fxe4 Ne5 19. Bb1 Ng6 20. e5 Nd5 21. Nde4 c5 22. Nxc5 Bxc5 23. Rxc5 Ndf4 24. Be4 Bxe4 25. Nxe4 Ne6 26. Rb5 a5 27. Nd6 Rf8 28. Be3 Rb8 29. Rxb8 Qxb8 30. Qg4 Kh7 31. h4 Qa8 32. h5 Nh8 33. Ne4 Qd5 34. Rf6 1-0

[Event "27th OIBM 2024"]
[Site "Gmund am Tegernsee"]
[Date "2024.10.29"]
[Round "4.6"]
[White "Stremavicius, Titas"]
[Black "Farokhi, Keyvan"]
[Result "1-0"]
[ECO "E05"]
[WhiteElo "2541"]
[BlackElo "2320"]
[Annotator "RC"]
[PlyCount "71"]
[EventDate "2024.09.16"]
[EventType "swiss"]
[EventCountry "GER"]
[SourceTitle "playchess.com"]
[Source "ChessBase"]
[SourceQuality "1"]
[TimeControl "40/5400+30:1800+30"]

1. Nf3 Nf6 2. c4 e6 3. g3 d5 4. Bg2 Be7 5. O-O O-O 6. d4 dxc4 7. Na3 Bxa3 8. bxa3 b5 9. a4 a6 10. Ba3 Re8 11. Ne5 Nd5 12. e4 Ne7 13. Qh5 Ng6 14. Rad1 Bb7 15. axb5 axb5 16. Nxg6 hxg6 17. Qxb5 Bxe4 18. Bxe4 Rxa3 19. d5 Qd7 20. Qxc4 Qa4 21. Bd3 Qxc4 22. Bxc4 exd5 23. Rxd5 c6 24. Rd6 Rc3 25. Bb3 Na6 26. Rfd1 Rf8 27. R1d4 Nc5 28. Bc4 Rc8 29. Rd8+ Rxd8 30. Rxd8+ Kh7 31. Bxf7 Rf3 32. Bg8+ Kh6 33. Bc4 Rc3 34. Bf7 Rf3 35. h4 Kh5 36. Bc4 1-0

[Event "27th OIBM 2024"]
[Site "Gmund am Tegernsee"]
[Date "2024.10.29"]
[Round "4.7"]
[White "Humbert, Arthur"]
[Black "Amar, Elham"]
[Result "0-1"]
[ECO "B12"]
[WhiteElo "1975"]
[BlackElo "2540"]
[Annotator "RC"]
[PlyCount "172"]
[EventDate "2024.09.16"]
[EventType "swiss"]
[EventCountry "GER"]
[SourceTitle "playchess.com"]
[Source "ChessBase"]
[SourceQuality "1"]
[TimeControl "40/5400+30:1800+30"]

1. e4 c6 2. d4 d5 3. e5 Bf5 4. h4 h5 5. Bd3 Bxd3 6. Qxd3 Qa5+ 7. Nc3 e6 8. Bd2 Qa6 9. Qxa6 Nxa6 10. Nce2 c5 11. c3 Ne7 12. Nh3 Nf5 13. Ng5 Rc8 14. Rh3 Be7 15. Ng3 Nxg3 16. Rxg3 cxd4 17. cxd4 O-O 18. Kd1 Rc4 19. Rd3 Bxg5 20. hxg5 Rfc8 21. Bc3 Kh7 22. Kd2 Kg6 23. Rf3 b5 24. a3 Nb8 25. Rh1 a5 26. b3 R4c7 27. Bxa5 Rc2+ 28. Ke3 Ra2 29. Bd2 Rcc2 30. Rd1 Rcb2 31. Bb4 Nc6 32. Kf4 Nxb4 33. axb4 Rxf2 34. Rc1 Rxg2 35. Rc5 Rg4+ 36. Ke3 Rb2 37. Rf1 Rxb3+ 38. Kd2 Rxd4+ 39. Ke2 Rbxb4 40. Rc7 Rf4 41. Rh1 Rbe4+ 42. Kd2 Rxe5 43. Rc8 Rxg5 44. Rg8 b4 45. Ke3 e5 46. Rh8 b3 47. Rb8 Rg3+ 48. Ke2 Ra4 49. Kf2 h4 50. Rc1 Ra2+ 51. Kf1 h3 52. Rh8 h2 53. Rc6+ Kg5 54. Rxh2 Rxh2 55. Rc7 b2 56. Rb7 Rc3 57. Kg1 Rd2 58. Rxb2 Rxb2 59. Kf1 d4 60. Ke1 e4 61. Kf1 f5 62. Ke1 Kf6 63. Kf1 g5 64. Ke1 g4 65. Kf1 f4 66. Ke1 g3 67. Kf1 f3 68. Ke1 e3 69. Kf1 d3 70. Ke1 Ra2 71. Kf1 Ra8 72. Ke1 Rcc8 73. Kf1 Rh8 74. Ke1 g2 75. Kd1 g1=B 76. Ke1 Bh2 77. Kd1 Bd6 78. Ke1 Bf8 79. Kd1 f2 80. Kc1 f1=B 81. Kd1 Bh3 82. Ke1 Bc8 83. Kd1 Ke7 84. Ke1 Ke8 85. Kf1 Bb7 86. Ke1 Ra1# 0-1

[Event "27th OIBM 2024"]
[Site "Gmund am Tegernsee"]
[Date "2024.10.29"]
[Round "4.8"]
[White "Hrebenshchykova, Yelyzaveta"]
[Black "Vogel, Roven"]
[Result "0-1"]
[ECO "D43"]
[WhiteElo "2311"]
[BlackElo "2559"]
[Annotator "RC"]
[PlyCount "80"]
[EventDate "2024.09.16"]
[EventType "swiss"]
[EventCountry "GER"]
[SourceTitle "playchess.com"]
[Source "ChessBase"]
[SourceQuality "1"]
[TimeControl "40/5400+30:1800+30"]

1. d4 Nf6 2. Nf3 d5 3. c4 e6 4. Nc3 c6 5. Bg5 h6 6. Bxf6 Qxf6 7. e3 Nd7 8. Bd3 g6 9. O-O Bg7 10. e4 dxc4 11. Bxc4 O-O 12. h3 c5 13. dxc5 Nxc5 14. Rc1 Qe7 15. Qe2 b6 16. Rfd1 Bb7 17. b4 Nd7 18. Nb5 Rad8 19. a3 Nf6 20. Bd3 Ba8 21. Rc7 Rd7 22. Rxd7 Qxd7 23. Bb1 Qb7 24. Nd6 Qc7 25. Nb5 Qb8 26. Nc3 Rc8 27. Qe3 Ng4 28. hxg4 Rxc3 29. Rd3 Qc7 30. Rxc3 Qxc3 31. Qf4 Bc6 32. Qb8+ Kh7 33. Qd6 Bb5 34. Kh2 Qb3 35. Nd2 Qxa3 36. e5 Qc3 37. Nf3 Be2 38. Nd4 Bxg4 39. f3 Qe1 40. Be4 Bf5 0-1

[Event "27th OIBM 2024"]
[Site "Gmund am Tegernsee"]
[Date "2024.10.29"]
[Round "4.9"]
[White "Giemsa, Stephan"]
[Black "Heberla, Bartlomiej"]
[Result "0-1"]
[ECO "E12"]
[WhiteElo "2275"]
[BlackElo "2501"]
[Annotator "RC"]
[PlyCount "106"]
[EventDate "2024.09.16"]
[EventType "swiss"]
[EventCountry "GER"]
[SourceTitle "playchess.com"]
[Source "ChessBase"]
[SourceQuality "1"]
[TimeControl "40/5400+30:1800+30"]

1. d4 Nf6 2. c4 b6 3. Nc3 Bb7 4. a3 e6 5. Nf3 Bxf3 6. gxf3 g6 7. e4 d6 8. f4 Nbd7 9. e5 Nh5 10. Bg2 Bh6 11. Bxa8 Qxa8 12. d5 Bxf4 13. exd6 cxd6 14. O-O e5 15. Bxf4 Nxf4 16. Ne2 Nxe2+ 17. Qxe2 O-O 18. b4 Qd8 19. f3 f5 20. a4 a5 21. bxa5 bxa5 22. Rfb1 Qh4 23. Kh1 e4 24. Rf1 Ne5 25. f4 Nd3 26. Qe3 Rc8 27. Rab1 Nb4 28. Rfc1 Rc5 29. Qg3 Qf6 30. Qe3 Qh4 31. Qg3 Qxg3 32. hxg3 h6 33. Kg2 Kg7 34. Kf1 g5 35. Ke2 Kg6 36. Ke3 Kh5 37. Rh1+ Kg4 38. Rxh6 Rxc4 39. fxg5 Nxd5+ 40. Kd2 Kxg5 41. Rxd6 Nb4 42. Rf1 Rc2+ 43. Kd1 Ra2 44. Rd8 Nc2 45. Kd2 Nb4+ 46. Kd1 Nd3 47. Rd5 Nf2+ 48. Ke1 e3 49. Rd4 Rb2 50. Rd5 Kg4 51. Rxf2 Rxf2 52. Rxa5 Kxg3 53. Ra8 Ra2 0-1

[Event "27th OIBM 2024"]
[Site "Gmund am Tegernsee"]
[Date "2024.10.29"]
[Round "4.11"]
[White "Morawietz, Dieter"]
[Black "Arnold, Max"]
[Result "0-1"]
[ECO "B85"]
[WhiteElo "2372"]
[BlackElo "2255"]
[Annotator "RC"]
[PlyCount "132"]
[EventDate "2024.09.16"]
[EventType "swiss"]
[EventCountry "GER"]
[SourceTitle "playchess.com"]
[Source "ChessBase"]
[SourceQuality "1"]
[TimeControl "40/5400+30:1800+30"]

1. e4 c5 2. Nf3 e6 3. d4 cxd4 4. Nxd4 Nc6 5. Nc3 Qc7 6. Be2 Nf6 7. O-O a6 8. Be3 Be7 9. f4 d6 10. Kh1 O-O 11. a4 Nxd4 12. Qxd4 Bd7 13. e5 Ne8 14. Rad1 Bc6 15. Bf2 Rd8 16. Qe3 g6 17. Bd3 Ng7 18. Rde1 Rfe8 19. Qh3 Nf5 20. Bxf5 exf5 21. e6 Bf6 22. Bh4 Rxe6 23. Rxe6 Bxh4 24. Re3 Bf6 25. Ne2 Bxa4 26. c3 Qb6 27. b4 Bc6 28. Rd1 Be4 29. Nd4 d5 30. Qg3 Rc8 31. Qf2 Kh8 32. Kg1 Rc4 33. Qb2 a5 34. b5 Qc7 35. g3 Qc5 36. Kf2 Kg7 37. h4 a4 38. Rd2 h6 39. Ne2 Bd8 40. Nd4 Ba5 41. Ne2 Bb6 42. Nd4 Qe7 43. Rd1 Qf6 44. Kf1 Bc5 45. Re2 Bxd4 46. Rxd4 Rxd4 47. cxd4 Bd3 48. Kf2 Bxe2 49. Kxe2 Qe7+ 50. Kf2 Qe4 51. Qc3 Qb1 52. Qc7 Qb2+ 53. Ke3 Qxb5 54. Qe5+ Kg8 55. Qb8+ Kh7 56. Qf8 Qd7 57. Kd2 Qc7 58. Kd1 h5 59. Kd2 Qd7 60. Kc3 Qc6+ 61. Kb2 Qb6+ 62. Ka2 Qxd4 63. Qxf7+ Qg7 64. Qe8 Qc7 65. Ka3 Qc3+ 66. Kxa4 Qc6+ 0-1

[Event "27th OIBM 2024"]
[Site "Gmund am Tegernsee"]
[Date "2024.10.29"]
[Round "4.12"]
[White "Georgescu, Lena"]
[Black "Schramm, Christian"]
[Result "1-0"]
[ECO "B12"]
[WhiteElo "2236"]
[BlackElo "2361"]
[Annotator "RC"]
[PlyCount "41"]
[EventDate "2024.09.16"]
[EventType "swiss"]
[EventCountry "GER"]
[SourceTitle "playchess.com"]
[Source "ChessBase"]
[SourceQuality "1"]
[TimeControl "40/5400+30:1800+30"]

1. e4 c6 2. d4 d5 3. e5 Bf5 4. h4 a6 5. c4 e6 6. Nc3 h5 7. Bd3 dxc4 8. Bxf5 exf5 9. Nf3 Bb4 10. Qc2 c5 11. Bg5 f6 12. exf6 Nxf6 13. O-O O-O 14. Rad1 Bxc3 15. Qxc3 Qd5 16. dxc5 Qxc5 17. Bxf6 Rxf6 18. Rd8+ Rf8 19. Rxf8+ Kxf8 20. Ng5 Qd5 21. Re1 1-0

[Event "27th OIBM 2024"]
[Site "Gmund am Tegernsee"]
[Date "2024.10.29"]
[Round "4.13"]
[White "Malinowsky, Levi"]
[Black "Womacka, Mathias"]
[Result "1/2-1/2"]
[ECO "B90"]
[WhiteElo "2117"]
[BlackElo "2345"]
[Annotator "RC"]
[PlyCount "34"]
[EventDate "2024.09.16"]
[EventType "swiss"]
[EventCountry "GER"]
[SourceTitle "playchess.com"]
[Source "ChessBase"]
[SourceQuality "1"]
[TimeControl "40/5400+30:1800+30"]

1. e4 c5 2. Nf3 d6 3. d4 cxd4 4. Nxd4 Nf6 5. Nc3 a6 6. Bd3 Nc6 7. Nxc6 bxc6 8. b3 e5 9. Qe2 Be7 10. Bb2 O-O 11. O-O Nd7 12. Na4 Nb6 13. Nxb6 Qxb6 14. c4 a5 15. Rac1 c5 16. Bc2 a4 17. Bc3 axb3 1/2-1/2

[Event "27th OIBM 2024"]
[Site "Gmund am Tegernsee"]
[Date "2024.10.29"]
[Round "4.14"]
[White "Dolzhykova, Kateryna"]
[Black "Zheng, Harry Z"]
[Result "0-1"]
[ECO "C29"]
[WhiteElo "2345"]
[BlackElo "2232"]
[Annotator "RC"]
[PlyCount "158"]
[EventDate "2024.09.16"]
[EventType "swiss"]
[EventCountry "GER"]
[SourceTitle "playchess.com"]
[Source "ChessBase"]
[SourceQuality "1"]
[TimeControl "40/5400+30:1800+30"]

1. e4 e5 2. Nc3 Nf6 3. f4 d5 4. fxe5 Nxe4 5. Nf3 Nc6 6. Bb5 Bg4 7. O-O Bc5+ 8. d4 Bb6 9. Qd3 O-O 10. Bxc6 bxc6 11. Be3 Nxc3 12. Qxc3 Qd7 13. Rae1 Rae8 14. b4 Ra8 15. Kh1 a5 16. a3 axb4 17. axb4 Bf5 18. Ra1 h6 19. Bg1 Be4 20. Nd2 Bg6 21. h3 Qe6 22. Bh2 Rfb8 23. Bg3 Bf5 24. Kh2 Qg6 25. Nf3 Bxc2 26. Rxa8 Rxa8 27. e6 Ba4 28. e7 Re8 29. Ne5 Qe6 30. Rxf7 Rxe7 31. Rf4 Re8 32. Qd3 Bb5 33. Qf3 Ba6 34. Bf2 Qd6 35. Rg4 Qf8 36. Qg3 Re6 37. Rf4 Qd6 38. h4 Rf6 39. Rg4 Qe7 40. Ng6 Qf7 41. Ne5 Qe7 42. Be3 Bc8 43. Rg6 Rxg6 44. Nxg6 Qf6 45. h5 Be6 46. Qe5 Qxe5+ 47. Nxe5 Bf7 48. g4 Be8 49. Kg3 Ba7 50. Nf3 Kf7 51. Bf4 Ke6 52. Be5 Kf7 53. Kf4 Bd7 54. Nh4 Be6 55. Nf5 Bxf5 56. gxf5 Bb6 57. Ke3 Ba7 58. Kd3 Bb6 59. Kc3 Kg8 60. Kb3 Kf8 61. Ka4 Kf7 62. Ka3 Kg8 63. Kb3 Kf8 64. Kc3 Kf7 65. Kd3 Ba7 66. Kd2 Bb6 67. Kc3 Kf8 68. f6 gxf6 69. Bf4 Kg7 70. Kd3 Ba7 71. Be3 Bb8 72. Ke2 c5 73. b5 c6 74. dxc5 cxb5 75. c6 f5 76. Kf3 b4 77. Bb6 Kf6 78. Bd8+ Ke6 79. c7 Bxc7 0-1

[Event "27th OIBM 2024"]
[Site "Gmund am Tegernsee"]
[Date "2024.10.29"]
[Round "4.15"]
[White "Vatter, Hans-Joachim"]
[Black "Stopa, Jacek"]
[Result "0-1"]
[ECO "C02"]
[WhiteElo "2217"]
[BlackElo "2326"]
[Annotator "RC"]
[PlyCount "58"]
[EventDate "2024.09.16"]
[EventType "swiss"]
[EventCountry "GER"]
[SourceTitle "playchess.com"]
[Source "ChessBase"]
[SourceQuality "1"]
[TimeControl "40/5400+30:1800+30"]

1. e4 e6 2. d4 d5 3. e5 c5 4. c3 Nc6 5. Nf3 Bd7 6. a3 Nge7 7. b4 cxd4 8. cxd4 Nf5 9. Be3 b5 10. Bxb5 Nxe5 11. Bxd7+ Nxd7 12. O-O Be7 13. Nbd2 a5 14. b5 a4 15. Nb1 O-O 16. Qd3 Nd6 17. Bf4 Qa5 18. Bxd6 Bxd6 19. Ra2 Rfc8 20. Rb2 h6 21. g3 Nb6 22. Nfd2 Rab8 23. f4 Nc4 24. Nxc4 dxc4 25. Qe2 Rxb5 26. Rc2 Qb6 27. Nd2 Qxd4+ 28. Kh1 Qd5+ 29. Nf3 Rb3 0-1

[Event "27th OIBM 2024"]
[Site "Gmund am Tegernsee"]
[Date "2024.10.29"]
[Round "4.16"]
[White "Gschiel, Alexander"]
[Black "Brychcy, Felix"]
[Result "1-0"]
[ECO "B07"]
[WhiteElo "2326"]
[BlackElo "1999"]
[Annotator "RC"]
[PlyCount "71"]
[EventDate "2024.09.16"]
[EventType "swiss"]
[EventCountry "GER"]
[SourceTitle "playchess.com"]
[Source "ChessBase"]
[SourceQuality "1"]
[TimeControl "40/5400+30:1800+30"]

1. d4 Nf6 2. Nf3 g6 3. g3 Bg7 4. Bg2 O-O 5. O-O d6 6. Nc3 Nbd7 7. e4 e5 8. Re1 c6 9. a4 a5 10. h3 Qc7 11. Be3 Re8 12. d5 Nb6 13. Nd2 cxd5 14. exd5 Bd7 15. Qe2 Rec8 16. Nb5 Bxb5 17. Qxb5 Nfd7 18. c3 f5 19. Ra3 Nc5 20. Rc1 Nbd7 21. b4 Na6 22. Nb3 axb4 23. cxb4 Qd8 24. Na5 Rxc1+ 25. Bxc1 Nxb4 26. Nxb7 Qc7 27. Bd2 Rb8 28. Bxb4 Rxb7 29. Qc6 Bf8 30. a5 Qb8 31. a6 Rc7 32. Qa4 Nb6 33. a7 Qa8 34. Qa5 Rc1+ 35. Bf1 Nc4 36. Qc7 1-0

[Event "27th OIBM 2024"]
[Site "Gmund am Tegernsee"]
[Date "2024.10.29"]
[Round "4.17"]
[White "Ernst, Robert"]
[Black "Strahl, Christian"]
[Result "1-0"]
[ECO "B17"]
[WhiteElo "2319"]
[BlackElo "1982"]
[Annotator "RC"]
[PlyCount "69"]
[EventDate "2024.09.16"]
[EventType "swiss"]
[EventCountry "GER"]
[SourceTitle "playchess.com"]
[Source "ChessBase"]
[SourceQuality "1"]
[TimeControl "40/5400+30:1800+30"]

1. e4 c6 2. d4 d5 3. Nd2 dxe4 4. Nxe4 Nd7 5. Bd3 Ngf6 6. Ng5 e6 7. N1f3 Bd6 8. Qe2 h6 9. Ne4 Nxe4 10. Qxe4 Nf6 11. Qe2 b6 12. Ne5 Bb7 13. Bd2 Qc7 14. f4 a6 15. O-O-O c5 16. dxc5 Qxc5 17. Rhe1 O-O 18. g4 Qd5 19. Nc4 b5 20. Nxd6 Qxd6 21. g5 hxg5 22. fxg5 Nd5 23. Qh5 f5 24. gxf6 Nxf6 25. Qh3 Bd5 26. Rg1 Ra7 27. Qh4 e5 28. Bb4 Qb6 29. Bxf8 Kxf8 30. Rdf1 e4 31. Qh8+ Bg8 32. Rxf6+ gxf6 33. Qxg8+ Ke7 34. Bxe4 Qe3+ 35. Kb1 1-0

[Event "27th OIBM 2024"]
[Site "Gmund am Tegernsee"]
[Date "2024.10.29"]
[Round "4.18"]
[White "Naumann, Alexander"]
[Black "Fruth, David"]
[Result "1/2-1/2"]
[ECO "A37"]
[WhiteElo "2487"]
[BlackElo "1966"]
[Annotator "RC"]
[PlyCount "92"]
[EventDate "2024.09.16"]
[EventType "swiss"]
[EventCountry "GER"]
[SourceTitle "playchess.com"]
[Source "ChessBase"]
[SourceQuality "1"]
[TimeControl "40/5400+30:1800+30"]

1. c4 c5 2. Nf3 g6 3. g3 Bg7 4. Bg2 Nc6 5. Nc3 d6 6. O-O e5 7. a3 a5 8. Ne1 Be6 9. d3 Nge7 10. Nc2 d5 11. cxd5 Nxd5 12. Ne3 Nb6 13. Na4 Nxa4 14. Qxa4 O-O 15. Bxc6 bxc6 16. Qxc6 Qd4 17. Nc2 Qg4 18. f3 Qh3 19. Ne3 e4 20. fxe4 Bd4 21. Bd2 Qh6 22. Rf4 Rab8 23. Bc1 c4 24. e5 Bxb2 25. Bxb2 Rxb2 26. Nxc4 Rxe2 27. Rh4 Qg5 28. Qf3 Rc2 29. Qf4 Qxf4 30. Rxf4 Bxc4 31. Rxc4 Re2 32. Rf1 Rxe5 33. Rc7 f5 34. Rb1 Rf7 35. Rb8+ Kg7 36. Rbb7 Rxc7 37. Rxc7+ Kf6 38. Rxh7 Re1+ 39. Kf2 Ra1 40. Ke3 Rxa3 41. h4 Ra1 42. Ra7 a4 43. Ra6+ Kf7 44. Ra7+ Kf6 45. Ra6+ Kf7 46. Ra7+ Kf6 1/2-1/2

[Event "27th OIBM 2024"]
[Site "Gmund am Tegernsee"]
[Date "2024.10.29"]
[Round "4.19"]
[White "Zeier, Klaus"]
[Black "Tan, Yi Rui Ray"]
[Result "1-0"]
[ECO "B52"]
[WhiteElo "2178"]
[BlackElo "1951"]
[Annotator "RC"]
[PlyCount "71"]
[EventDate "2024.09.16"]
[EventType "swiss"]
[EventCountry "GER"]
[SourceTitle "playchess.com"]
[Source "ChessBase"]
[SourceQuality "1"]
[TimeControl "40/5400+30:1800+30"]

1. e4 c5 2. Nf3 d6 3. Bb5+ Bd7 4. Bxd7+ Qxd7 5. O-O Nf6 6. Qe2 Nc6 7. Rd1 g5 8. c3 g4 9. Ne1 Qe6 10. d3 d5 11. Be3 d4 12. cxd4 cxd4 13. Bd2 h5 14. Na3 h4 15. Rdc1 Qd7 16. b4 e6 17. Rab1 Ne5 18. Nc4 Ng6 19. e5 Nd5 20. Qxg4 b5 21. Na5 Nxe5 22. Qxd4 Rh5 23. Qe4 Rd8 24. Qe2 Rf5 25. d4 Ng6 26. Nd3 Bd6 27. Nb3 Ndf4 28. Nxf4 Bxf4 29. Be3 Qd6 30. Rc5 Rxc5 31. bxc5 Qd7 32. Qf3 Bb8 33. g3 Qc7 34. Nd2 a6 35. Ne4 Qe7 36. Bg5 1-0